 Dungeon Sprint DCSS version 0.26-a0-661-g406de6ba63 (webtiles) character file.

Game seed: 732419090046276156

33 sahdkjhfkaj the Jinx (level 6, -2/31 HPs)
             Began as a Felid Enchanter on Oct 8, 2020.
             Was a Priest of Dithmenos.
             Slain by a merfolk
             ... wielding a +0 trident
              (25 damage)
             ... in the Dungeon (Sprint VI: "Thunderdome").
             The game lasted 00:01:46 (382 turns).

sahdkjhfkaj the Jinx (Felid Enchanter)               Turns: 382, Time: 00:01:46

Health: -2/31      AC:  2    Str:  5    XL:     6   Next: 36%
Magic:  11/16      EV: 25    Int: 16    God:    Dithmenos [***...]
Gold:   250        SH:  0    Dex: 18    Spells: 11/17 levels left
                                        Lives:  0   Deaths: 1

rFire    . . .     SeeInvis +     - Unarmed
rCold    . . .     Faith    .   (shield unavailable)
rNeg     . . .     Spirit   .   (armour unavailable)
rPois    .         Reflect  .   (helmet unavailable)
rElec    .         Harm     .   (cloak unavailable)
rCorr    .         Rampage  .   (gloves unavailable)
MR       .....     NoTele   +   (boots unavailable)
Stlth    ++++++....             (no amulet)
HPRegen  0.10/turn              (no ring)
MPRegen  0.15/turn              (no ring)

@: wreathed by umbra, quick
A: very small, no armour, no weapons or thrown items, stealth, claws 1, fangs 3,
see invisible, speed 1, shaggy fur 2, sharp paws
a: Shadow Step, Renounce Religion


You were in the Dungeon.
You worshipped Dithmenos.
Dithmenos was most pleased with you.
You visited 1 branch You collected 250 gold pieces.

Inventory:

Wands
 a - a wand of acid (3)
 h - a wand of iceblast (3)
Scrolls
 g - 4 scrolls of blinking
 i - 3 scrolls of fog
Potions
 b - a potion of curing
 c - 3 potions of heal wounds
 d - 4 potions of haste
 e - 2 potions of magic
 f - a potion of berserk rage
 j - 2 potions of resistance


   Skills:
 + Level 6.2 Fighting
 + Level 8.9 Dodging
 + Level 7.0 Stealth
 + Level 6.4 Unarmed Combat
 + Level 6.2 Spellcasting
 + Level 10.0 Hexes


You had 11 spell levels left.
You knew the following spells:

 Your Spells              Type           Power        Failure   Level
a - Corona                Hex            #####..      1%          1
b - Ensorcelled Hibernat  Hex/Ice        ###...       2%          2
c - Confusing Touch       Hex            #####...     1%          3

Your spell library contained the following spells:

 Spells                   Type           Power        Failure   Level
 Tukima's Dance           Hex            #####...     1%          3
 Dazzling Flash           Conj/Hex       ###...       4%          3


Dungeon Overview and Level Annotations

Branches:
Dungeon (1/1)

Altars:
Cheibriados
Dithmenos
Fedhas
Gozag
Kikubaaqudgha
Makhleb
Okawaru
Qazlal
Ru
Sif Muna
Trog
Uskayaw
Vehumet
Wu Jian
Xom
Yredelemnul
Zin
The Shining One
Beogh
Jiyva
Lugonu

Shops:
D *[??*?*:[((!!!!


Innate Abilities, Weirdness & Mutations

You cannot wear armour.
You are incapable of wielding weapons or throwing items.
Your paws allow you to move quietly. (Stealth)
You have sharp claws.
You have razor-sharp teeth.
You have supernaturally acute eyesight. (SInv)
You cover ground quickly.
You are covered in thick fur. (AC +2)
Your sharp claws are effective at attacking unaware monsters.


Message History

Unknown command.
Press < or > to pray at altars.
The merfolk completely misses you.
The merfolk shouts!
You scratch the merfolk but do no damage.
The merfolk completely misses you.
The merfolk hits you from afar with a +0 trident!
The merfolk misses you.
Things that are here:
a +0 trident; a merfolk corpse
Casting: Ensorcelled Hibernation (safe; 2% risk of failure)
Confirm with . or Enter, or press ? or * to list all spells.
Aiming: Ensorcelled Hibernation (safe; 2% risk of failure)
Press: ? - help, Shift-Dir - straight line, f - merfolk, p - merfolk
Aim: a merfolk, wielding a +0 trident (umbra, chance to defeat MR: 33%)
The merfolk looks drowsy...
Unknown command.
The merfolk hits you with a +0 trident!!
Ouch! That really hurt!
You die...

##### ##⌠⌠⌠## #..†..#
##..†..## ##∩.....∩##
#∩.......∩# #_.....mm_#
#_......@_# #_....†.._#
###.........###
#⌠...........⌠#
######.8.........8.######
##._._......###......__.∩##
#∩........8.# #.8........∩###
......[.†...###.............##
......(..###...###..........⌠#


You could see 2 merfolk.

Vanquished Creatures
  A merfolk (D)
  Sigmund (D)
  2 scorpions (D)
  Terence (D)
  An ooze (D)
  4 giant cockroaches (D)
  A kobold (D)
11 creatures vanquished.

Notes
Turn   | Place    | Note
-------+----------+-------------------------------------------
     0 | D        | sahdkjhfkaj the Felid Enchanter began the quest for the
                  | Orb.
     0 | D        | Reached XP level 1. HP: 7/7 MP: 4/4
     1 | D        | Found an iron altar of Okawaru.
     1 | D        | Found an ornate altar of the Wu Jian Council.
     2 | D        | Found an opulent altar of Gozag.
     3 | D        | Found a shadowy altar of Dithmenos.
     3 | D        | Found a burning altar of Makhleb.
     4 | D        | Found a radiant altar of Vehumet.
     4 | D        | Found an ancient bone altar of Kikubaaqudgha.
     4 | D        | Found Soasm's Magic Scroll Shop.
     4 | D        | Found Zatej's Staff Store.
     5 | D        | Found Syklemos's Magic Scroll Shop.
     5 | D        | Found Arod's Must-Have Magic.
     7 | D        | Round 1.
    12 | D        | Became a worshipper of Dithmenos the Shadowed
    18 | D        | Reached skill level 1 in Fighting
    30 | D        | Found a stormy altar of Qazlal.
    34 | D        | Found a glowing silver altar of Zin.
    34 | D        | Found Yluhaoxt's Distillery.
    34 | D        | Found Acabb's Distillery.
    35 | D        | Found Pacangyk's Bottled Wisdom.
    40 | D        | Found Faucros's Do-It-Yourself Clinic.
    40 | D        | Found a basalt altar of Yredelemnul.
    40 | D        | Found a glowing golden altar of the Shining One.
    51 | D        | Found a viscous altar of Jiyva.
    53 | D        | Found a snail-covered altar of Cheibriados.
    53 | D        | Found a blossoming altar of Fedhas.
    53 | D        | Found Vidiesag's Weapon Rack.
    53 | D        | Found Foimeema's Basic Armour.
    54 | D        | Found Pidd's Miscellaneous Merchandise.
    59 | D        | Found Fekal's Premium Goods.
    59 | D        | Found a shimmering altar of Xom.
    59 | D        | Found a bloodstained altar of Trog.
    59 | D        | Found a hide-covered altar of Uskayaw.
    70 | D        | Found a roughly hewn altar of Beogh.
    72 | D        | Found a corrupted altar of Lugonu.
    72 | D        | Found a sacrificial altar of Ru.
    72 | D        | Found Xete's Identification Station.
    72 | D        | Found Lafea's Advanced Armour.
    73 | D        | Found Xeth's Jewellery.
    74 | D        | Found a shimmering blue altar of Sif Muna.
    74 | D        | Noticed Sigmund
    81 | D        | Reached skill level 5 in Hexes
    83 | D        | Killed Sigmund
    83 | D        | Reached * piety under Dithmenos
    83 | D        | Reached skill level 8 in Hexes
    83 | D        | Reached XP level 2. HP: 15/15 MP: 4/8
    83 | D        | Reached XP level 3. HP: 18/18 MP: 5/10
    83 | D        | Reached XP level 4. HP: 22/22 MP: 5/11
    83 | D        | Reached XP level 5. HP: 25/25 MP: 5/13
    91 | D        | Learned a level 2 spell: Ensorcelled Hibernation
    95 | D        | Learned a level 3 spell: Confusing Touch
   112 | D        | Noticed Terence
   118 | D        | Killed Terence
   125 | D        | Arena points: 5 (+5) [x1]
   140 | D        | Round 2.
   208 | D        | Reached ** piety under Dithmenos
   208 | D        | Reached skill level 5 in Unarmed Combat
   250 | D        | Reached skill level 5 in Fighting
   250 | D        | Reached skill level 5 in Spellcasting
   272 | D        | Reached skill level 5 in Stealth
   272 | D        | Reached skill level 9 in Hexes
   272 | D        | Gained mutation: You are covered in thick fur. (AC +2)
                  | [Felid growth]
   272 | D        | Reached XP level 6. HP: 30/30 MP: 9/15
   274 | D        | Arena points: 33 (+28) [x2]
   343 | D        | Round 3.
   344 | D        | Noticed a merfolk
   350 | D        | HP: 1/30 [merfolk/+0 trident (17)]
   352 | D        | Slain by a merfolk
   353 | D        | Reached XP level 5. HP: -5/26 MP: 5/14
   371 | D        | Noticed a merfolk
   371 | D        | Noticed a merfolk
   375 | D        | Killed a merfolk
   375 | D        | Reached *** piety under Dithmenos
   375 | D        | Reached skill level 10 in Hexes
   375 | D        | Reached XP level 6. HP: 31/31 MP: 14/16
   382 | D        | Slain by a merfolk

Illustrated notes

Levels and vault maps discovered:
D:        arena_sprint

Skill      XL: |  1  2  3  4  5 |
---------------+----------------+-----
Fighting       | 4 6 |  6.2
Dodging        | 6 8 |  8.9
Hexes          | 8 10 | 10.0
Unarmed Combat | 4 6 |  6.4
Spellcasting   | 4 6 |  6.2
Stealth        | 7 |  7.0

Action                   |  1- 3 |  4- 6 || total
-------------------------+-------+-------++-------
Melee: Unarmed           |     7 |    23 ||    30
       Punch             |       |     1 ||     1
 Cast: Ensorcelled Hiber |       |    15 ||    15
       Confusing Touch   |       |     2 ||     2
Evoke: Wand              |     3 |     1 ||     4
  Use: Potion            |       |     1 ||     1
 Stab: Sleeping          |       |     7 ||     7
       Confused          |       |     2 ||     2
Dodge: Dodged            |    12 |    17 ||    29

Table legend: (Time is in decaauts)
 A = Elapsed time spent in this place.
 B = Non-inter-level travel time spent in this place.
 C = Inter-level travel time spent in this place.
 D = Time resting spent in this place.
 E = Time spent auto-exploring this place.
 F = Levels seen in this place.
 G = Mean time per level.
                   A        B        C        D        E       F      G
               +--------+--------+--------+--------+--------+-----+--------+
         Total |    355 |    355 |      0 |    192 |     43 |   1 |  355.0 |
       Dungeon |    355 |    355 |      0 |    192 |     43 |   1 |  355.0 |
               +--------+--------+--------+--------+--------+-----+--------+

Top non-repeatable levels by time:
       D: 355 daAuts
